 Dungeon Crawl Stone Soup version 0.22-a0-157-g169b76a (webtiles) character file.

557381 Azzok the Merry Gargoyle (level 26, -2/173 HPs)
             Began as a Gargoyle Fighter on Feb 8, 2018.
             Was the Champion of Okawaru.
             Splashed by a yellow draconian's acid (10 damage)
             ... on level 2 of the Realm of Zot.
             The game lasted 03:10:07 (61036 turns).

Azzok the Merry Gargoyle (Gargoyle Fighter)        Turns: 61036, Time: 03:10:07

Health: -2/173     AC: 42    Str: 30    XL:     26   Next: 52%
Magic:  29/36      EV: 12    Int: 14    God:    Okawaru [******]
Gold:   4376       SH:  0    Dex: 10    Spells: 27/53 levels left

rFire    + . .     SeeInvis +   a - +9 longbow (freeze)
rCold    + + .     Gourm    .   (shield currently unavailable)
rNeg     + + .     Faith    +   Z - +6 chain mail of the Wumpus {+Inv rPois Regen+}
rPois    ∞         Spirit   .   E - +2 helmet
rElec    +         Reflect  .   n - +2 cloak
rCorr    .         Harm     .   x - +0 pair of gloves "Xitut" {rC+}
MR       +....                  H - +0 pair of boots of Words of Power {rC+ rN+ Dex+3}
Stlth    ..........             I - amulet of faith
HPRegen  0.78/turn              c - ring of Zigoz {rF+ Int+3}
MPRegen  0.25/turn              l - ring of see invisible

@: heroism, finesse, corroded, slowed, very slow
A: big wings, clumsy 1, deterioration 1, low mp 1, negative energy resistance 1,
electricity resistance, unbreathing, petrification resistance, rot immunity, AC
+20
}: 3/15 runes: decaying, serpentine, silver
a: Fly, Heroism, Finesse, Renounce Religion, Evoke Invisibility


You were on level 2 of the Realm of Zot.
You worshipped Okawaru.
Okawaru was exalted by your worship.
You were not hungry.

You visited 10 branches of the dungeon, and saw 47 of its levels.
You also visited: Trove, Bailey and Ice Cave.

You collected 6674 gold pieces.
You spent 2298 gold pieces at shops.

Inventory:

Hand Weapons
 a - a +9 longbow of freezing (weapon)
 b - a +1 lajatang of speed
Missiles
 g - 941 arrows (quivered)
Armour
 n - a +2 cloak (worn)
 x - the +0 pair of gloves "Xitut" (worn) {rC+}
   (You found it on level 2 of the Snake Pit)

   It protects you from cold.
 E - a +2 helmet (worn)
 H - the +0 pair of boots of Words of Power (worn) {rC+ rN+ Dex+3}
   (Okawaru gifted it to you on level 4 of the Lair of Beasts)

   It affects your dexterity (+3).
   It protects you from cold.
   It protects you from negative energy.
 Z - the +6 chain mail of the Wumpus (worn) {+Inv rPois Regen+}
   (Okawaru gifted it to you on level 6 of the Lair of Beasts)

   It protects you from poison.
   It lets you turn invisible.
   It increases your rate of regeneration.
Jewellery
 c - the ring of Zigoz (left hand) {rF+ Int+3}
   (You acquired it on level 1 of the Depths)

   [ring of intelligence]

   It affects your intelligence (+3).
   It protects you from fire.
 k - an uncursed ring of protection from fire
 l - a ring of see invisible (right hand)
 m - an uncursed ring of protection from cold
 o - an uncursed ring of resist corrosion
 q - an uncursed amulet of regeneration
 D - an uncursed ring of positive energy
 I - an amulet of faith (around neck)
 P - the ring "Obuken" {rElec rC- MR++ EV+4 Dex+2}
   (You bought it in a shop on level 2 of the Orcish Mines)

   [ring of evasion]

   It affects your evasion (+4).
   It affects your dexterity (+2).
   It makes you vulnerable to cold.
   It insulates you from electricity.
   It affects your resistance to hostile enchantments.
Wands
 W - a wand of digging (77)
Scrolls
 e - 19 scrolls of teleportation
 i - 5 scrolls of immolation
 r - 22 scrolls of remove curse
 u - 10 scrolls of magic mapping
 w - 6 scrolls of fear
 y - 7 scrolls of identify
 A - 5 scrolls of silence
 G - 2 scrolls of torment
 L - a scroll of blinking
 T - 7 scrolls of fog
Potions
 d - 5 potions of heal wounds
 t - 8 potions of invisibility
 v - 8 potions of lignification
 z - 27 potions of curing
 C - 4 potions of mutation {!q}
 F - 2 potions of cancellation
 O - 13 potions of haste
 S - 5 potions of resistance
 V - a potion of magic
 Y - a potion of might
Miscellaneous
 h - a fan of gales
 j - a phial of floods
 X - 3 phantom mirrors
Comestibles
 f - 85 rations


   Skills:
 + Level 19.8(24.8) Fighting
   Level 1.7(6.7) Long Blades
 O Level 27 Bows
 + Level 18.3(23.3) Armour
   Level 3.2(8.2) Shields
 - Level 14.0 Spellcasting
 + Level 11.6 Hexes
 + Level 0.5 Charms
 + Level 0.4 Summonings
 + Level 14.0 Translocations
 + Level 0.3 Air Magic
 - Level 11.4 Invocations


You had 27 spell levels left.
You knew the following spells:

 Your Spells              Type           Power        Failure   Level  Hunger
a - Portal Projectile     Hex/Tloc       #####.       1%          3    None
b - Apportation           Tloc           #####.       1%          1    None
c - Song of Slaying       Chrm           ##......     19%         2    None
d - Shroud of Golubria    Chrm/Tloc      ####......   1%          2    None
e - Silence               Hex/Air        ####......   36%         5    #####..
f - Blink                 Tloc           N/A          1%          2    None
g - Passage of Golubria   Tloc           N/A          1%          4    ##.....
h - Swiftness             Chrm/Air       ##......     21%         2    None
i - Aura of Abjuration    Summ           ##........   98%         5    #####..


Dungeon Overview and Level Annotations

Branches:
Dungeon (15/15)            Temple (1/1) D:7            Lair (6/6) D:10
  Swamp (4/4) Lair:3        Snake (4/4) Lair:4        Slime (0/5) Lair:6
    Orc (2/2) D:11            Elf (3/3) Orc:2        Vaults (5/5) D:14
  Crypt (0/3) Vaults:3     Depths (5/5) D:15            Zot (2/5) Depths:5

Altars:
Cheibriados
Dithmenos
Elyvilon
Fedhas
Hepliaklqana
Kikubaaqudgha
Makhleb
Nemelex Xobeh
Okawaru
Ru
Sif Muna
Trog
Uskayaw
Vehumet
Xom
Yredelemnul
Zin
The Shining One
Beogh

Shops:
D:5 ?   D:6 (:?}*   D:8 [   D:9 *   D:10 ?   D:15 *   Orc:2 ?!*(!((*(   Elf:1 =
Elf:2 }   Snake:1 !   Snake:2 *   Vaults:1 (   Vaults:2 (   Vaults:3 %
Vaults:5 }

Portals:
Hell: Depths:1 Depths:2 Depths:3 Depths:4 Depths:5
Abyss: Depths:4
Pandemonium: Depths:1 Depths:3 Depths:4
Ziggurat: Depths:2

Annotations:
Elf:2 3 runed doors
Vaults:2 5 exclusions


Innate Abilities, Weirdness & Mutations

You are resistant to torment.
Your stone body is resilient. (AC +20)
You are immune to poison.
Your large and strong wings let you fly indefinitely.
You resist negative energy. (rN+)
You are resistant to electric shocks. (rElec)
You can survive without breathing.
You are immune to petrification.
You are immune to rotting.
You are clumsy. (Dex -2)
Your body sometimes deteriorates upon taking damage.
Your magical capacity is low. (-10% MP)


Message History

The death cob drains your vigour!
You feel as though you will be slow longer.
The red draconian shifter cowers, then darts away.
The red draconian shifter blinks!
The death cob hits you but does no damage.
You gain the combat prowess of a mighty hero.
The death cob hits you but does no damage.
The death cob hits you!
* * * LOW HITPOINT WARNING * * *
The death cob hits you but does no damage. x2
You can now deal lightning-fast blows.
The yellow draconian seems to regain its courage. x2
The death cob hits you!!
* * * LOW HITPOINT WARNING * * *
The death cob drains your vigour!
You feel as though you will be slow longer.
The death cob hits you but does no damage. x2
The yellow draconian throws acid at you.
The glob of acid hits you!
You are splashed with acid!
The acid burns!
You die...

▒···▒·▒·▒▒ ▒···
▒▒▒▒▒▒···▒·▒▒▒ ▒▒ ····
▒·▒▒·▒···▒··▒▒▒▒▒· ·····
▒·▒··▒▒▒·····▒▒·▒· ···(·
▒▒·▒··········▒·▒·
······ ▒▒·▒·········▒▒·▒
······▒ ▒▒·▒·······▒▒▒▒·
·······▒▒▒▒·▒·····▒·▒ ▒▒
···d···@▒▒▒▒·▒····▒·▒▒▒·
····(··z·▒▒▒▒·▒·)▒···▒··
·········(▒▒▒▒·▒[·▒▒··▒·
···(()(··)·▒▒▒▒·▒··▒▒··▒
▒····(▒▒····▒▒▒▒····▒▒▒▒
▒d···▒ ▒▒····▒▒▒▒··▒▒▒▒▒
▒▒··< ▒▒▒····▒▒▒··▒···
▒▒·· ▒▒·····▒▒····· ▒
▒▒······▒····


You could see 2 draconians and a death cob.

Vanquished Creatures
  Mara (Vaults:5)
  Frederick (Depths:3)
  Boris (Depths:5)
  Saint Roka (Vaults:5)
  Vashnia (Snake:2)
  The ghost of Ijustatesigmund the Gnoll Aeon, a veteran GnFi of Cheibriados (Vaults:5)
  4 golden dragons
  Jorgrun (Swamp:3)
  8 tentacled monstrosities
  A lich (Vaults:5)
  5 quicksilver dragons
  A titan (Vaults:5)
  2 deep elf blademasters (Elf:3)
  2 deep elf master archers (Elf:3)
  2 death cobs (Zot:1)
  Agnes (Snake:2)
  6 sphinxes
  Gastronok (D:12)
  Kirke (Snake:1)
  3 thorn hunters
  8 storm dragons
  The ghost of KristoblXynda the Nimble, an adept DrGl of Gozag (Snake:1)
  6 shadow dragons
  6 tengu reavers
  11 nagarajas
  A draconian knight (Zot:1)
  9 fire giants
  9 frost giants
  4 draconian scorchers
  3 deep elf sorcerers
  An iron dragon (Vaults:5)
  A ghost moth (Zot:2)
  4 deep elf elementalists (Elf:3)
  2 orc warlords
  19 vault wardens
  A draconian stormcaller (Depths:5)
  3 war gargoyles (Vaults:5)
  19 very ugly things
  6 draconian annihilators
  A spriggan defender (Depths:5)
  2 entropy weavers (Vaults:4)
  20 ironheart preservers
  13 stone giants
  4 green draconians
  The ghost of Xenophilius the Covert, a journeyman OpAs of Cheibriados (Lair:6)
  A vampire knight (Depths:2)
  Azrael (D:15)
  5 black draconians
  8 deep elf demonologists
  9 deep elf annihilators
  3 white draconians
  2 yellow draconians
  2 purple draconians (Zot:2)
  A spark wasp (Depths:3)
  7 red draconians
  14 ettins
  3 dire elephants (Lair:6)
  4 deep elf death magi
  3 jiangshi
  A merfolk impaler (Depths:3)
  A ragged hierophant (Elf:2)
  5 great orbs of eyes
  15 fire dragons
  7 deep elf high priests
  14 yaktaur captains
  22 naga warriors
  17 ice dragons
  5 rakshasas
  41 vault guards
  Fannar (D:12)
  A hell beast (Depths:1)
  3 spriggan air magi
  5 ghost crabs
  27 hydras
  18 ogre magi
  2 death knights
  2 two-headed ogres (shapeshifter)
  13 anacondas
  5 centaur warriors
  4 death yaks (Lair:6)
  21 dancing weapons
  5 deep troll shamans
  2 vampire magi (Depths:1)
  8 alligators
  5 deep troll earth magi
  2 tengu warriors
  7 shock serpents
  54 two-headed ogres
  An orc high priest (Orc:2)
  A storm dragon zombie (D:15)
  19 deep elf knights
  8 spriggan berserkers
  6 hell knights
  15 naga sharpshooters
  A skeletal warrior (D:15)
  4 salamander mystics (Snake:4)
  A deep troll (shapeshifter) (Vaults:3)
  A golden dragon zombie (D:15)
  2 iron trolls (Depths:5)
  4 unseen horrors
  A gelid demonspawn (Depths:1)
  3 shadow wraiths
  2 spriggan druids
  11 swamp dragons
  An unseen horror (shapeshifter) (D:14)
  A sea snake (shapeshifter) (Vaults:5)
  2 small abominations (Elf:3)
  5 wizards
  2 glowing orange brains
  2 flayed ghosts
  27 deep trolls
  15 deep elf archers
  10 naga ritualists
  A shadow demon (Depths:4)
  An orange crystal statue (Vaults:3)
  13 ironbrand convokers
  9 phantasmal warriors
  5 shambling mangroves
  Pikel (D:7)
  11 harpies
  4 necromancers
  15 orc knights
  An orb spider (shapeshifter) (Depths:2)
  A harpy (shapeshifter) (Depths:4)
  11 mana vipers
  An oklob plant (Lair:2)
  5 orc sorcerers
  71 deep elf magi
  19 ugly things
  17 elephants
  6 wolf spiders
  11 salamanders
  2 salamanders (shapeshifter)
  7 moths of wrath
  6 cyclopes
  A fire giant skeleton (D:15)
  36 black mambas
  A centaur zombie (D:12)
  12 naga magi
  10 vault sentinels
  13 guardian serpents
  3 ice statues (IceCv)
  An eye of devastation (shapeshifter) (Vaults:2)
  A smoke demon (Depths:4)
  17 spiny frogs
  2 gargoyles
  2 orange demons
  2 rime drakes
  5 spectral swamp worms (Depths:1)
  7 freezing wraiths
  A komodo dragon (shapeshifter) (Depths:5)
  8 komodo dragons
  A hellwing (Depths:1)
  A kobold demonologist (D:12)
  3 tengu conjurers
  55 yaktaurs
  7 ice devils (IceCv)
  A redback zombie (D:15)
  A guardian mummy (D:15)
  A meliai (shapeshifter) (Vaults:2)
  2 wind drakes (shapeshifter)
  10 trolls
  2 tyrant leeches (Swamp:4)
  A polar bear (Lair:4)
  A jumping spider (shapeshifter) (Depths:5)
  A queen bee (shapeshifter) (Vaults:3)
  9 blink frogs
  7 bog bodies
  An ettin zombie (Vaults:3)
  A hornet (shapeshifter) (Vaults:4)
  A saltling (Elf:2)
  A blink frog (shapeshifter) (Elf:1)
  33 slime creatures
  A meliai zombie (D:12)
  6 dream sheep
  7 hippogriffs
  23 hornets
  A stone giant simulacrum (Vaults:1)
  A redback (Vaults:4)
  5 air elementals
  30 water elementals
  A shadow (Swamp:1)
  2 wyverns
  35 yaks
  8 spriggans
  Eustachio (D:6)
  7 fire elementals
  2 neqoxecs
  6 wraiths
  4 basilisks
  4 hogs (Snake:1)
  A hungry ghost (D:12)
  10 vampire mosquitoes
  A chaos spawn (Depths:4)
  6 insubstantial wisps (Swamp:1)
  A naga (shapeshifter) (Vaults:3)
  A deep troll zombie (Vaults:3)
  7 wargs
  A swamp worm (shapeshifter) (Vaults:5)
  67 nagas
  19 swamp worms
  4 hell hounds (D:15)
  A soldier ant (shapeshifter) (Vaults:2)
  A hydra simulacrum (Swamp:3)
  15 water moccasins
  6 soldier ants
  4 acid dragons
  A floating eye (Depths:2)
  22 porcupines
  12 swamp drakes
  A black bear (shapeshifter) (D:15)
  8 ice beasts (D:13)
  2 necrophages
  3 black bears
  34 orc warriors
  5 sky beasts
  An ice beast (shapeshifter) (Vaults:5)
  42 ogres
  A hornet zombie (D:14)
  An ettin simulacrum (Vaults:3)
  13 wolves
  A wolf (shapeshifter) (Vaults:5)
  A phantom (D:11)
  8 boggarts
  11 crocodiles
  14 centaurs
  16 bullfrogs
  2 big kobolds
  8 earth elementals
  A tengu zombie (D:15)
  3 scorpions
  An elf simulacrum (Vaults:2)
  13 killer bees
  8 wights
  5 howler monkeys
  2 bullfrog zombies
  14 electric eels
  8 crimson imps
  4 quasits
  29 orc priests
  7 hounds
  6 centaur skeletons
  A gnoll shaman (D:8)
  17 jellies
  41 orc wizards
  3 bullfrog skeletons
  10 worker ants
  5 iguanas
  A troll simulacrum (IceCv)
  2 spriggan simulacra (IceCv)
  2 centaur simulacra (IceCv)
  2 hound skeletons (D:10)
  Robin (D:4)
  2 worker ant zombies
  9 adders
  8 gnolls
  A howler monkey skeleton (D:5)
  2 ogre simulacra (IceCv)
  3 naga simulacra (IceCv)
  2 shadow imps (Depths:4)
  2 white imps (Depths:4)
  2 ufetubi (Depths:4)
  2 oozes (D:1)
  A worm (D:3)
  4 dart slugs
  3 leopard geckos
  98 orcs
  7 giant cockroaches
  15 goblins
  11 hobgoblins
  5 jackals
  2 quokkas
  A ball python (D:1)
  3 bats (D:2)
  7 frilled lizards
  13 kobolds
  A quokka zombie (D:5)
  9 rats
  6 crawling corpses (Elf:3)
  A fungus (Lair:4)
  3 plants (Lair:6)
  A withered plant (D:15)
2106 creatures vanquished.

Vanquished Creatures (others)
  A fire giant (Depths:4)
  A hell knight (Depths:3)
  A deep elf mage (Elf:3)
  A black mamba (Snake:4)
  A human (Snake:1)
  A spatial vortex (Elf:3)
  An ogre (Vaults:2)
  An orc wizard (D:7)
  11 fungi
  18 plants
37 creatures vanquished.

Grand Total: 2143 creatures vanquished

Notes
Turn   | Place    | Note
-------+----------+-------------------------------------------
     0 | D:1      | Azzok the Gargoyle Fighter began the quest for the Orb.
     0 | D:1      | Reached XP level 1. HP: 14/14 MP: 1/1
    83 | D:1      | Reached XP level 2. HP: 20/20 MP: 2/2
   298 | D:1      | Reached XP level 3. HP: 23/24 MP: 3/3
   913 | D:2      | Reached skill level 5 in Fighting
  1083 | D:2      | Reached XP level 4. HP: 30/31 MP: 4/4
  1424 | D:2      | Noticed a black bear
  1431 | D:2      | Killed a black bear
  1431 | D:2      | Reached XP level 5. HP: 25/37 MP: 5/5
  2372 | D:3      | Found a shadowy altar of Dithmenos.
  2580 | D:3      | Noticed an ogre
  2587 | D:3      | Killed an ogre
  2587 | D:3      | Reached XP level 6. HP: 35/44 MP: 3/6
  3468 | D:4      | Reached XP level 7. HP: 49/50 MP: 7/7
  3659 | D:4      | Noticed Robin
  3679 | D:4      | Killed Robin
  4122 | D:5      | Entered Level 5 of the Dungeon
  4138 | D:5      | You fall through a shaft!
  4408 | D:5      | Reached skill level 10 in Fighting
  4438 | D:5      | Reached XP level 8. HP: 57/57 MP: 8/8
  4929 | D:5      | Found Zylixaum's Magic Scroll Shop.
  5251 | D:6      | Noticed a yak
  5267 | D:6      | Killed a yak
  5267 | D:6      | Reached XP level 9. HP: 54/66 MP: 6/9
  5434 | D:6      | Noticed Eustachio
  5446 | D:6      | Killed Eustachio
  5462 | D:6      | Found Gihuam's Gadget Shop.
  5649 | D:6      | Found Xularet's Magic Scroll Boutique.
  5653 | D:6      | Bought a scroll of noise for 13 gold pieces
  5703 | D:6      | Found Tuapp's Book Shoppe.
  5819 | D:6      | Found Xut Bijyi's Assorted Antiques.
  6025 | D:6      | Found Nabliukas's Antique Weapon Boutique.
  6313 | D:7      | Reached skill level 1 in Bows
  6372 | D:7      | Found a staircase to the Ecumenical Temple.
  6388 | Temple   | Entered the Ecumenical Temple
  6395 | Temple   | Became a worshipper of Warmaster Okawaru
  6462 | D:7      | Found a flagged portal.
  6470 | Bailey   | Entered a bailey
  6594 | D:7      | Reached skill level 1 in Invocations
  6801 | D:7      | Reached skill level 2 in Bows
  6804 | D:7      | Found a bloodstained altar of Trog.
  6938 | D:7      | Reached skill level 3 in Bows
  7513 | D:8      | Reached * piety under Okawaru
  7529 | D:8      | Reached skill level 4 in Bows
  7724 | D:8      | Noticed a two-headed ogre
  7735 | D:8      | Killed a two-headed ogre
  7735 | D:8      | Reached skill level 5 in Bows
  7735 | D:8      | Reached skill level 5 in Invocations
  7735 | D:8      | Reached XP level 10. HP: 29/73 MP: 4/14
  8005 | D:8      | Reached ** piety under Okawaru
  8085 | D:8      | Found Faehiqer's Antique Armour Shoppe.
  8155 | D:8      | Noticed a two-headed ogre
  8182 | D:8      | Killed a two-headed ogre
  8182 | D:8      | Reached skill level 6 in Bows
  8598 | D:8      | Reached *** piety under Okawaru
  8663 | D:8      | Reached skill level 7 in Bows
  9024 | D:8      | Noticed Pikel
  9040 | D:7      | Killed Pikel
  9241 | D:9      | Found Doqer's Changing Room.
  9552 | D:9      | Received a gift from Okawaru
  9552 | D:9      | Reached XP level 11. HP: 58/78 MP: 13/17
  9650 | D:9      | Reached skill level 8 in Bows
  9938 | D:10     | Entered Level 10 of the Dungeon
  9938 | D:10     | Found Ygur's Magic Scroll Shop.
 10607 | D:10     | Reached **** piety under Okawaru
 10747 | D:10     | Noticed a tengu warrior
 10788 | D:10     | Killed a tengu warrior
 10788 | D:10     | Reached skill level 9 in Bows
 10866 | D:10     | Noticed an unseen horror
 10892 | D:10     | Killed an unseen horror
 10892 | D:10     | Reached skill level 10 in Invocations
 10952 | D:10     | Found a staircase to the Lair.
 10990 | Lair:1   | Entered Level 1 of the Lair of Beasts
 10997 | Lair:1   | Learned a level 1 spell: Apportation
 11000 | Lair:1   | Learned a level 2 spell: Shroud of Golubria
 11003 | Lair:1   | Learned a level 2 spell: Song of Slaying
 11390 | D:11     | Reached ***** piety under Okawaru
 11651 | D:11     | Found a roughly hewn altar of Beogh.
 11651 | D:11     | Found a staircase to the Orcish Mines.
 11923 | D:11     | Noticed a cyclops
 11934 | D:11     | Killed a cyclops
 12327 | D:11     | Noticed a cyclops
 12351 | D:11     | Killed a cyclops
 12351 | D:11     | Reached skill level 10 in Bows
 12493 | D:11     | Noticed a cyclops
 12497 | D:11     | Killed a cyclops
 12853 | D:12     | Received a gift from Okawaru
 12877 | D:12     | Noticed Gastronok
 12901 | D:12     | Killed Gastronok
 12901 | D:12     | Received a gift from Okawaru
 12901 | D:12     | Reached XP level 12. HP: 54/84 MP: 15/20
 13276 | D:12     | Reached skill level 11 in Bows
 13676 | Lair:1   | Got a wavering platinum ring
 13677 | Lair:1   | Identified the ring "Inkiroq" {rElec rPois} (You found it on level 1 of the Lair of Beasts)
 14581 | Lair:2   | Reached skill level 12 in Bows
 15310 | Lair:2   | Noticed an eight-headed hydra
 15327 | Lair:2   | Killed a two-headed hydra
 15753 | Lair:2   | Found a snail-covered altar of Cheibriados.
 16185 | Lair:2   | Reached skill level 13 in Bows
 16369 | Lair:3   | Received a gift from Okawaru
 16765 | Lair:3   | Found a staircase to the Swamp.
 16813 | Lair:3   | Received a gift from Okawaru
 16818 | Lair:3   | Got a warped flail
 16819 | Lair:3   | Identified the cursed +1 flail of Vanity {venom, MR+ Int+2} (You found it on level 3 of the Lair of Beasts)
 16858 | Lair:3   | Noticed a five-headed hydra
 16875 | Lair:3   | Reached XP level 13. HP: 88/88 MP: 21/21
 16890 | Lair:3   | Reached skill level 14 in Bows
 17303 | Lair:3   | Received a gift from Okawaru
 18026 | Lair:4   | Found a staircase to the Snake Pit.
 18135 | Lair:4   | Received a gift from Okawaru
 18138 | Lair:4   | Got a pair of polished boots {god gift}
 18149 | Lair:4   | Identified the +0 pair of boots of Words of Power {rC+ rN+ Dex+3} (Okawaru gifted it to you on level 4 of the Lair of Beasts)
 18464 | Lair:4   | Reached skill level 15 in Bows
 19853 | Lair:6   | Entered Level 6 of the Lair of Beasts
 19977 | Lair:5   | Reached skill level 16 in Bows
 20388 | Lair:6   | Noticed Xenophilius's ghost (journeyman OpAs)
 20782 | Lair:6   | Found a staircase to the Slime Pits.
 21059 | Lair:5   | Received a gift from Okawaru
 21082 | Lair:5   | Gained mutation: Your large and strong wings let you fly indefinitely. [Gargoyle growth]
 21082 | Lair:5   | Reached XP level 14. HP: 94/94 MP: 22/22
 21587 | Lair:6   | Reached skill level 17 in Bows
 22024 | Lair:6   | Killed Xenophilius's ghost
 22103 | Lair:6   | Reached ****** piety under Okawaru
 22118 | Lair:6   | Received a gift from Okawaru
 22170 | Lair:6   | Received a gift from Okawaru
 22201 | Lair:6   | Got a shimmering chain mail {god gift}
 22202 | Lair:6   | Identified the +6 chain mail of the Wumpus {+Inv rPois Regen+} (Okawaru gifted it to you on level 6 of the Lair of Beasts)
 22767 | Lair:6   | Reached skill level 18 in Bows
 23052 | Lair:6   | Noticed a dire elephant
 23122 | Lair:6   | Noticed a dire elephant
 23122 | Lair:6   | Noticed a dire elephant
 23135 | Lair:6   | Killed a dire elephant
 23146 | Lair:6   | Killed a dire elephant
 23222 | Lair:6   | Noticed a dire elephant
 23225 | Lair:6   | Noticed a dire elephant
 23377 | Lair:6   | Killed a dire elephant
 23678 | D:12     | Noticed Fannar
 23694 | D:12     | Killed Fannar
 24278 | D:13     | Found a sacrificial altar of Ru.
 24348 | D:13     | Found a frozen archway.
 24407 | IceCv    | Entered an ice cave
 24830 | IceCv    | Received a gift from Okawaru
 25044 | IceCv    | Reached skill level 19 in Bows
 25048 | IceCv    | Got a polished war axe
 25065 | IceCv    | Got a brightly glowing ring mail
 25251 | D:13     | Reached XP level 15. HP: 98/98 MP: 23/23
 25530 | D:13     | Found a blossoming altar of Fedhas.
 25812 | D:10     | Bought a scroll of identify for 30 gold pieces
 25812 | D:10     | Bought a scroll of identify for 30 gold pieces
 25812 | D:10     | Bought a scroll of identify for 30 gold pieces
 25812 | D:10     | Bought a scroll of identify for 30 gold pieces
 25812 | D:10     | Bought 3 scrolls of identify for 90 gold pieces
 25812 | D:10     | Bought a scroll of identify for 30 gold pieces
 25812 | D:10     | Bought a scroll of enchant weapon for 112 gold pieces
 25960 | D:5      | Bought a scroll of identify for 28 gold pieces
 25960 | D:5      | Bought a scroll of blinking for 105 gold pieces
 25960 | D:5      | Bought a scroll of identify for 28 gold pieces
 25960 | D:5      | Bought a scroll of identify for 28 gold pieces
 25960 | D:5      | Bought a scroll of enchant weapon for 105 gold pieces
 25960 | D:5      | Bought a scroll of identify for 28 gold pieces
 25960 | D:5      | Bought a scroll of identify for 28 gold pieces
 25960 | D:5      | Identified a scroll of acquirement
 25961 | D:5      | Identified the +11 war axe "Duxkuf" {protect, +Rage} (You found it in an ice cave)
 25962 | D:5      | Identified the +1 ring mail of Ethics {*Slow Str+7} (You found it in an ice cave)
 26597 | D:14     | Found a portal to a secret trove of treasure.
 26706 | D:14     | Received a gift from Okawaru
 26720 | D:14     | Found a gate to the Vaults.
 26723 | D:14     | Got an encrusted scale mail {god gift}
 26742 | D:14     | Identified the +0 scale mail "Meuffiet" {rPois rC- Int-2 Dex+7} (Okawaru gifted it to you on level 14 of the Dungeon)
 27159 | D:15     | Entered Level 15 of the Dungeon
 27247 | D:15     | Reached skill level 20 in Bows
 27257 | D:15     | Found Okkichun's Assorted Antiques.
 27274 | D:15     | Bought a scroll of teleportation for 72 gold pieces
 27457 | D:15     | Found a staircase to the Depths.
 27742 | D:15     | Noticed Azrael
 27758 | D:15     | Killed Azrael
 27834 | D:15     | Received a gift from Okawaru
 28117 | Depths:1 | Entered Level 1 of the Depths
 28123 | Depths:1 | Got a transparent platinum ring
 28177 | D:15     | Identified the ring of Zigoz {rF+ Int+3} (You acquired it on level 1 of the Depths)
 28504 | Orc:1    | Entered Level 1 of the Orcish Mines
 28874 | Orc:2    | Entered Level 2 of the Orcish Mines
 28904 | Orc:2    | Found Loill's Weapon Emporium.
 28905 | Orc:2    | Found Jaupycidd's Antique Weapon Shoppe.
 29019 | Orc:2    | Found Affu's Assorted Antiques.
 29066 | Orc:2    | Reached skill level 21 in Bows
 29113 | Orc:2    | Bought a crude pewter ring for 155 gold pieces
 29113 | Orc:2    | Identified the ring "Obuken" {rElec rC- MR++ EV+4 Dex+2} (You bought it in a shop on level 2 of the Orcish Mines)
 29129 | Orc:2    | Paralysed by an orc sorcerer for 3 turns
 29137 | Orc:2    | Reached XP level 16. HP: 103/104 MP: 24/24
 29331 | Orc:2    | Found Suvohool's Distillery.
 29342 | Orc:2    | Found Fumm's Magic Scroll Shoppe.
 29364 | Orc:2    | Bought 2 potions of agility for 128 gold pieces
 29364 | Orc:2    | Bought a potion of heal wounds for 80 gold pieces
 29364 | Orc:2    | Bought a potion of agility for 64 gold pieces
 29364 | Orc:2    | Bought a potion of haste for 160 gold pieces
 29364 | Orc:2    | Bought a potion of heal wounds for 80 gold pieces
 29380 | Orc:2    | Bought a scroll of identify for 32 gold pieces
 29411 | Orc:2    | Found a staircase to the Elven Halls.
 29469 | Orc:2    | Found Gotwuama's General Store.
 29469 | Orc:2    | Found Sukeimn's Distillery.
 29475 | Orc:2    | Found Jirphoz's Antique Weapon Emporium.
 29475 | Orc:2    | Found Jiptye's Antique Weapon Shoppe.
 29483 | Orc:2    | Bought a potion of agility for 52 gold pieces
 29484 | Orc:2    | Bought a scroll of enchant weapon for 112 gold pieces
 29486 | Orc:2    | Bought a potion of heal wounds for 65 gold pieces
 29486 | Orc:2    | Bought a potion of haste for 130 gold pieces
 30095 | Snake:1  | Entered Level 1 of the Snake Pit
 30120 | Snake:1  | Noticed KristoblXynda's ghost (adept DrGl)
 30155 | Snake:1  | Killed KristoblXynda's ghost
 30268 | Snake:1  | Received a gift from Okawaru
 30499 | Snake:1  | Found Yqaxig's Distillery.
 30612 | Snake:1  | Bought a potion of haste for 100 gold pieces
 30612 | Snake:1  | Bought a potion of heal wounds for 50 gold pieces
 30612 | Snake:1  | Bought a potion of mutation for 80 gold pieces
 30665 | Snake:1  | Noticed Kirke
 30700 | Snake:1  | Noticed a sphinx
 30703 | Snake:1  | Killed Kirke
 30703 | Snake:1  | Reached skill level 22 in Bows
 30777 | Snake:1  | Learned a level 3 spell: Portal Projectile
 30783 | Snake:1  | Learned a level 5 spell: Silence
 30947 | Snake:1  | Received a gift from Okawaru
 31278 | Snake:2  | Noticed a nagaraja
 31285 | Snake:2  | Killed a nagaraja
 31323 | Snake:2  | Received a gift from Okawaru
 31393 | Snake:2  | Noticed a nagaraja
 31398 | Snake:2  | Killed a nagaraja
 31407 | Snake:2  | Noticed Agnes
 31414 | Snake:2  | Killed Agnes
 31421 | Snake:2  | Received a gift from Okawaru
 31565 | Snake:2  | Noticed Vashnia
 31566 | Snake:2  | Received a gift from Okawaru
 31570 | Snake:2  | Reached XP level 17. HP: 59/108 MP: 18/25
 31573 | Snake:2  | Reached skill level 23 in Bows
 31589 | Snake:2  | Killed Vashnia
 31694 | Snake:2  | Got a warped longbow {god gift}
 31704 | Snake:2  | Found Evas's General Store.
 31716 | Snake:2  | Bought a scroll of blinking for 135 gold pieces
 31718 | Snake:2  | Got a pair of distressingly furry gloves
 31729 | Snake:2  | Identified the cursed +0 pair of gloves "Xitut" {rC+} (You found it on level 2 of the Snake Pit)
 32390 | Snake:3  | Received a gift from Okawaru
 33045 | Snake:4  | Entered Level 4 of the Snake Pit
 33190 | Snake:4  | Reached skill level 24 in Bows
 33573 | Snake:4  | Received a gift from Okawaru
 33582 | Snake:4  | Got a warped longbow {god gift}
 33643 | Snake:4  | Identified the +7 longbow of Ebborick {speed, +Blink rC+ Stlth+} (Okawaru gifted it to you on level 2 of the Snake Pit)
 33644 | Snake:4  | Identified the +7 longbow of Okawaru's Wrath {freeze, rC++ Dex+2} (Okawaru gifted it to you on level 4 of the Snake Pit)
 33782 | Snake:4  | Reached XP level 18. HP: 114/114 MP: 26/26
 33967 | Snake:4  | Received a gift from Okawaru
 33985 | Snake:4  | Reached skill level 25 in Bows
 34497 | Snake:4  | Got a serpentine rune of Zot
 34745 | Swamp:1  | Entered Level 1 of the Swamp
 34873 | Swamp:1  | Received a gift from Okawaru
 35136 | Swamp:1  | Received a gift from Okawaru
 36390 | Swamp:3  | Noticed Jorgrun
 36399 | Swamp:3  | Killed Jorgrun
 36399 | Swamp:3  | Reached skill level 26 in Bows
 36592 | Swamp:3  | Got a faintly glowing cloak
 36593 | Swamp:3  | Identified the +0 cloak of Magaxtas {rPois Dex+5} (You found it on level 3 of the Swamp)
 36723 | Swamp:3  | Reached XP level 19. HP: 106/119 MP: 25/27
 37180 | Swamp:4  | Entered Level 4 of the Swamp
 37288 | Swamp:4  | Received a gift from Okawaru
 37900 | Swamp:4  | Received a gift from Okawaru
 37944 | Swamp:4  | Got a crystal quarterstaff {god gift}
 38004 | Swamp:4  | Got a decaying rune of Zot
 38255 | Lair:1   | Identified the +6 quarterstaff "Jith" {crush, rPois} (Okawaru gifted it to you on level 4 of the Swamp)
 38385 | D:6      | Bought a potion of agility for 88 gold pieces
 38588 | Vaults:1 | Entered Level 1 of the Vaults
 38775 | Vaults:1 | Reached skill level 27 in Bows
 38809 | Vaults:1 | Reached skill level 1 in Spellcasting
 38809 | Vaults:1 | Reached skill level 1 in Translocations
 38822 | Vaults:1 | Received a gift from Okawaru
 38930 | Vaults:1 | Reached skill level 5 in Armour
 38967 | Vaults:1 | Received a gift from Okawaru
 38981 | Vaults:1 | Got an ichor-stained quarterstaff {god gift}
 39194 | Vaults:1 | Reached XP level 20. HP: 123/126 MP: 26/28
 39198 | Vaults:1 | Received a gift from Okawaru
 39513 | Vaults:1 | Found Keuxas's Antique Weapon Shoppe.
 40224 | Vaults:2 | Reached skill level 5 in Spellcasting
 40224 | Vaults:2 | Reached skill level 5 in Translocations
 40560 | Vaults:2 | Received a gift from Okawaru
 40784 | Vaults:2 | Received a gift from Okawaru
 40785 | Vaults:2 | Found the +7 great mace "Undeadhunter" {disrupt, rN+}
 40805 | Vaults:2 | Found Yppo's Weapon Boutique.
 41763 | Vaults:3 | Received a gift from Okawaru
 41782 | Vaults:3 | Reached XP level 21. HP: 133/133 MP: 31/31
 41789 | Vaults:3 | Reached skill level 15 in Fighting
 41958 | Vaults:3 | Found Cuesa's Food Shop.
 42299 | Vaults:3 | Found a staircase to the Crypt.
 42299 | Vaults:3 | Found an ancient bone altar of Kikubaaqudgha.
 42323 | Vaults:3 | Found a basalt altar of Yredelemnul.
 42475 | Vaults:3 | Received a gift from Okawaru
 42485 | Vaults:3 | Got a scorched chain mail {god gift}
 42515 | Vaults:3 | Identified the +6 chain mail of Fun {rC+} (Okawaru gifted it to you on level 3 of the Vaults)
 42976 | Vaults:3 | Got a dazzling plate armour
 42977 | Vaults:3 | Identified the cursed +1 plate armour of Weoblece {*Slow +Inv rC+} (You found it on level 3 of the Vaults)
 43379 | Vaults:4 | Reached skill level 10 in Armour
 43478 | Vaults:4 | Identified the +4 quarterstaff of Non Asue {flame, rF+ rN+} (Okawaru gifted it to you on level 1 of the Vaults)
 44440 | Vaults:4 | Received a gift from Okawaru
 44491 | Vaults:4 | Reached skill level 1 in Hexes
 44759 | Vaults:5 | Entered Level 5 of the Vaults
 44836 | Vaults:4 | Reached XP level 22. HP: 89/142 MP: 24/34
 45342 | Lair:1   | Learned a level 2 spell: Blink
 45880 | Vaults:5 | Noticed Saint Roka
 45883 | Vaults:5 | HP: 1/143 [yaktaur/bolt[a yaktaur captain] (9)]
 46054 | Vaults:5 | Noticed Mara
 46071 | Vaults:5 | Noticed Azzok's illusion
 46082 | Vaults:5 | Killed Mara
 46082 | Vaults:5 | Received a gift from Okawaru
 46277 | Vaults:5 | Got a brightly glowing plate armour
 46278 | Vaults:5 | Identified the cursed +1 plate armour of Gehyuval {rN+ Str+3 Dex+3} (You found it on level 5 of the Vaults)
 46485 | Vaults:5 | Reached skill level 10 in Spellcasting
 46485 | Vaults:5 | Reached skill level 10 in Translocations
 46503 | Vaults:5 | Reached skill level 5 in Hexes
 46615 | Vaults:5 | Reached XP level 23. HP: 117/148 MP: 27/37
 46771 | Vaults:5 | Killed Saint Roka
 46891 | Vaults:5 | Identified the Incunabulum of Aid and the Volcanoes
 46959 | Vaults:5 | Noticed Ijustatesigmund's ghost (veteran GnFi)
 46971 | Vaults:5 | Killed Ijustatesigmund's ghost
 47279 | Vaults:5 | Got a pair of twisted gloves
 47286 | Vaults:5 | Identified the +1 pair of gloves of Qecaple {rElec rCorr} (You found it on level 5 of the Vaults)
 47548 | Vaults:5 | Found Deicucse's Gadget Shoppe.
 47558 | Vaults:5 | Got a silver rune of Zot
 47811 | Depths:1 | Received a gift from Okawaru
 47911 | Depths:1 | Found a gateway to Hell.
 48026 | Depths:1 | Got a faintly humming chain mail
 48126 | Depths:1 | Gained mutation: You are clumsy. (Dex -2) [a neqoxec]
 48129 | Depths:1 | Gained mutation: Your magical capacity is low. (-10% MP) [a neqoxec]
 48162 | Depths:1 | Received a gift from Okawaru
 48414 | Depths:1 | Identified the +5 chain mail "Teemm" {SInv} (You found it on level 1 of the Depths)
 48546 | Depths:1 | Found a one-way gate leading to the halls of Pandemonium.
 49111 | Depths:1 | Received a gift from Okawaru
 49544 | Depths:2 | Found a gateway to a ziggurat.
 50924 | Depths:3 | Received a gift from Okawaru
 50948 | Depths:3 | Reached XP level 24. HP: 157/157 MP: 34/34
 51056 | Depths:3 | Received a gift from Okawaru
 51340 | Depths:3 | Noticed Frederick
 51350 | Depths:3 | Killed Frederick
 51414 | Depths:3 | Identified the Almanac of Venomous Attacks
 51434 | Depths:3 | Got a steaming platinum amulet
 51435 | Depths:3 | Identified the amulet "Uzeetang" {Harm *Drain *Slow Str+8 Dex+6} (You found it on level 3 of the Depths)
 52291 | Depths:4 | Gained mutation: Your body sometimes deteriorates upon taking damage. [a neqoxec]
 52621 | Depths:4 | Received a gift from Okawaru
 52892 | Depths:4 | Found a one-way gate to the infinite horrors of the Abyss.
 52898 | Depths:4 | Reached skill level 15 in Armour
 52905 | Depths:4 | Received a gift from Okawaru
 53219 | Depths:5 | Entered Level 5 of the Depths
 53332 | Depths:5 | Noticed Boris
 53358 | Depths:5 | Killed Boris
 53379 | Depths:5 | Received a gift from Okawaru
 54172 | Depths:5 | Found a gate to the Realm of Zot.
 54203 | Depths:5 | Reached XP level 25. HP: 164/164 MP: 35/35
 54274 | Depths:5 | Received a gift from Okawaru
 54477 | Depths:5 | Received a gift from Okawaru
 54947 | Elf:1    | Entered Level 1 of the Elven Halls
 55328 | Elf:1    | Found Zeni's Jewellery Boutique.
 55934 | Elf:1    | Reached skill level 10 in Hexes
 56214 | Elf:2    | Found a ruined gateway.
 56258 | Elf:2    | Received a gift from Okawaru
 56288 | Elf:2    | Found Ciggaome's Gadget Emporium.
 56747 | Elf:2    | Found a runed gate.
 56747 | Elf:2    | Found a runed gate.
 56747 | Elf:2    | Found a runed gate.
 56900 | Elf:3    | Entered Level 3 of the Elven Halls
 56911 | Elf:3    | Received a gift from Okawaru
 57169 | Elf:3    | Got a pair of jewelled boots
 57176 | Elf:3    | Identified the +2 pair of boots "Fosoh" {Str+3 Stlth+} (You found it on level 3 of the Elven Halls)
 57948 | Elf:3    | Received a gift from Okawaru
 58238 | Elf:3    | Got an encrusted battleaxe {drain}
 58290 | Elf:3    | Identified the cursed +1 battleaxe "Dawk" {drain, *Rage rN+ Int+8} (You took it off a deep elf mage on level 3 of the Elven Halls)
 58298 | Elf:3    | Got a shimmering jade ring
 58307 | Elf:3    | Identified the ring of Akuddarph {rC++ rN+ MR- Dex+4} (You took it off a deep elf knight on level 3 of the Elven Halls)
 58522 | Elf:3    | Got a translucent platinum ring
 58523 | Elf:3    | Identified the ring of Eternity {*Tele rElec rC- MR++ SInv} (You found it on level 3 of the Elven Halls)
 58534 | Elf:3    | Got a faintly glowing longbow
 58535 | Elf:3    | Identified the +3 longbow "Caim" {freeze, rPois} (You found it on level 3 of the Elven Halls)
 58540 | Elf:3    | Identified Sif Muna's Handbook of Changing
 58558 | Elf:3    | Got a jewelled battleaxe
 58559 | Elf:3    | Identified the +7 battleaxe of Darkness {venom, rElec rN++ MP+9} (You found it on level 3 of the Elven Halls)
 58812 | D:14     | You paid a toll of 8 potions of agility to enter a treasure trove
 58813 | Trove    | Entered a treasure trove
 58847 | Trove    | Learned a level 4 spell: Passage of Golubria
 58850 | Trove    | Learned a level 2 spell: Swiftness
 58854 | Trove    | Identified Sif Muna's Disquisition on Combat Magic and the Escort
 58862 | Trove    | Learned a level 5 spell: Aura of Abjuration
 58885 | Trove    | Got a scorched amethyst amulet
 58895 | Trove    | Identified the amulet of Puyfoasi {Gourm rN+} (You found it in a treasure trove)
 59278 | Zot:1    | Entered Level 1 of the Realm of Zot
 59310 | Zot:1    | Reached XP level 26. HP: 172/172 MP: 36/36
 59776 | Zot:1    | Received a gift from Okawaru
 59779 | Zot:1    | Got an ichor-stained triple sword {god gift}
 59780 | Zot:1    | Identified the +5 triple sword "Etin" {flame, rElec rPois rC- rN+} (Okawaru gifted it to you on level 1 of the Realm of Zot)
 60378 | Zot:2    | Received a gift from Okawaru
 60615 | Zot:2    | Received a gift from Okawaru
 61028 | Zot:2    | HP: 4/173 [death cob (11)]
 61036 | Zot:2    | HP: 8/173 [death cob (18)]
 61036 | Zot:2    | Splashed by a yellow draconian's acid

Vault maps used:
D:1:      nicolae_arrival_somewhat_less_tricky_arrival, st_stairs_14,
          hangedman_decor_points, minmay_tall_x
D:2:      lemuel_upstairs_altar, first_ration, serial_co_window_serial,
          co_window_paths_a, co_window_paths_a, co_window_corner_a,
          co_window_of_opportunity_a, co_window_paths_a, co_window_paths_b,
          co_window_corner_a, co_window_corner_cb, co_window_broadway_a,
          co_window_corner_cb, co_window_broadway_a, co_window_broadway_a,
          co_window_2corner, glass_columns_c, glass_columns_a, glass_columns_a,
          glass_columns_a, glass_columns_a
D:3:      nicolae_dithmenos_shadow_blocks
D:4:      cheibrodos_pilgrimage, uniq_robin
D:5:      serial_shops, nicolae_shop_crystal
D:6:      serial_shops, shop, kennysheep_little_box, shop,
          nicolae_shop_overgrown_old_shop, shop_fountains, minmay_checkerbox,
          uniq_eustachio
D:7:      trog_ov_bears_minmay, minmay_temple_entry_purple_smoke,
          enter_bailey_2, grunt_decor_arrowhead,
          minmay_a_box_with_orc_wizards_in_it
D:8:      serial_shops, nicolae_shop_overgrown_old_shop,
          hangedman_pestilent_swarm, minmay_misc_feat_secret_circle, uniq_pikel
D:9:      nicolae_transmutations_shop
D:10:     kennysheep_big_flooded_room, david_lair_shrubbed, serial_shops, shop
D:11:     david_orc_5
D:12:     uniq_fannar, uniq_gastronok
D:13:     portal_ice_cave_entry_ice_beasts, basic_altar, hangedman_ru_absence
D:14:     erik_vaults_2, enter_trove_2, minmay_holes, columned_hall_lemuel
D:15:     gammafunk_depths_entry_grave, serial_bayou_pond_a, serial_shops,
          nicolae_shop_stone, uniq_azrael
Temple:   dpeg_three_leaves_temple
Lair:1:   beast_lair_carwin_5, lemuel_fruit_tree, serial_bayou_shore_b
Lair:2:   basic_altar, minivault_24, serial_bayou_shore_b, grunt_megastairs_1,
          minmay_lair_oklob_chamber
Lair:3:   minmay_swamp_entry_eels, lemuel_fruit_fields
Lair:4:   dummy_snake_entry
Lair:5:   nicolae_quartered_pool_super, grunt_forest_small_clearing_treed,
          grunt_megastairs_3
Lair:6:   due_jungle_book, minmay_slime_entry_jelly_boxes, serial_bayou_lake_a
Swamp:1:  evilmike_swamp_ruin_house_4
Swamp:2:  hangedman_swamp_ruin_wall
Swamp:3:  evilmike_swamp_ruin_house_3, swamp_pool4,
          hangedman_swamp_double_dragon, infiniplex_staircase_pool, uniq_jorgrun
Swamp:4:  swamp
Snake:1:  serial_shops, nicolae_shop_waterfront, spider_trap, uniq_kirke
Snake:2:  serial_shops, nicolae_shop_stone, serial_bayou_pond_c, uniq_vashnia,
          uniq_agnes
Snake:4:  johnstein_snake_rune_scales
Orc:2:    st_orc_mages, serial_shops, nicolae_shop_overgrown_old_shop, shop,
          shop, nicolae_shop_waterfront, nicolae_shop_waterfront
Elf:1:    serial_shops, shop_statue, kennysheep_underground_church,
          lemuel_flame_loot_1
Elf:2:    serial_shops, shop, portal_desolation_entry_nicolae_nacl,
          grunt_ministairs_1, nicolae_elf_big_sculpture_3, lemuel_elevator
Elf:3:    elf_hall, st_stairs_5, minmay_the_grid_square_5x5_3x3_mashed
Vaults:1: hangedman_vaults_stream, hangedman_vaults_trim, vaults_room_octagon,
          nicolae_vaults_border_crossing, vaults_mumra_chevron_long,
          hangedman_vaults_cutoff, nicolae_vaults_little_squares_5,
          nicolae_vaults_sealed_display, ontoclasm_vaults_ligature,
          hangedman_vaults_nails, ontoclasm_vaults_ring_small, serial_shops,
          nicolae_shop_competitors_out_of_business
Vaults:2: grunt_vaults_bifocal, v_pattern_1, dpeg_vaults_monster_row,
          v_alt_pattern_6, vaults_standard_mumra_enter_the_diamond,
          vaults_room_door_ring, nicolae_vaults_holding_cells,
          vaults_mumra_minichess, nicolae_vaults_ring_of_whatevers,
          hangedman_vaults_slice, ontoclasm_vaults_decontamination,
          serial_shops, nicolae_shop_window_shopping
Vaults:3: nicolae_vaults_what_the_h, minmay_crypt_entry_necro_gods,
          vaults_mumra_hex, nicolae_vaults_statue_guard, v_misc_29,
          hangedman_vaults_snaps, vaults_room_boxed, hangedman_vaults_impose,
          ontoclasm_vaults_pinch, dpeg_vaults_monster_box,
          nicolae_vaults_little_squares_6, serial_shops, shop
Vaults:4: nicolae_vaults_twisting_passages, vaults_mumra_chevron,
          grunt_vaults_hallway_long, v_misc_16, vaults_room_ringed_pool,
          ontoclasm_vaults_idyll, grunt_vaults_funnel, ontoclasm_vaults_eye,
          ontoclasm_vaults_hangar
Vaults:5: uniq_mara, uniq_saint_roka
Depths:1: rand_demon_pan_entry_7, serial_bayou, serial_bayou_shore_b,
          serial_bayou_pond_d, serial_bayou_pond_e, serial_bayou_shore_b,
          serial_bayou_shore_a, serial_bayou_pond_e, pf_hell_entry_tar_river,
          minmay_misc_feat_pillars, hangedman_abyss_or_decor_slice,
          hex_intersection, kennysheep_dice
Depths:2: minmay_haunted_quarter, enter_ziggurat_e,
          minmay_misc_feat_four_crosses, hell_entry, serial_glass,
          glass_columns_a, glass_columns_a, glass_columns_c, glass_columns_b,
          glass_columns_a, glass_columns_a, glass_columns_c, glass_columns_a,
          glass_columns_a, glass_columns_c, glass_columns_b, glass_columns_a,
          glass_columns_a, glass_columns_c
Depths:3: kennysheep_bubble_arena, pf_coc_iceberg, kennysheep_pointless_box,
          pan_entry, chequers_big_river, uniq_frederick
Depths:4: kennysheep_cluttered_fort, hell_entry, abyss_entry,
          grunt_pan_entry_sceptre, grunt_ministairs_14
Depths:5: grunt_zot_entry_pinwheel, minmay_misc_feat_diagonals,
          hangedman_geh_valley, uniq_boris
Zot:2:    grunt_megastairs_5
Trove:    trove_garden
Bailey:   bailey_polearm_1, bailey
IceCv:    ice_cave_tombish

Skill      XL: |  1  2  3  4  5  6  7  8  9 10 11 12 13 14 15 16 17 18 19 20 21 22 23 24 25 26 |
---------------+-------------------------------------------------------------------------------+-----
Fighting       | 4 5 6 7 8 10 12 13 14 16 17 18 19 | 19.8
Bows           | 5 7 10 13 16 19 21 22 24 26 27 | 27.0
Invocations    | 5 8 11 | 11.4
Spellcasting   | 3 6 8 10 11 12 13 14 | 14.0
Translocations | 3 6 8 10 11 12 13 14 | 14.0
Armour         | 5 8 10 12 13 16 17 18 | 18.3
Hexes          | 1 5 7 9 11 | 11.6
Long Blades    | |  1.7
Shields        | |  3.2
Charms         | |  0.5
Summonings     | |  0.4
Air Magic      | |  0.3

Action                   |  1- 3 |  4- 6 |  7- 9 | 10-12 | 13-15 | 16-18 | 19-21 | 22-24 | 25-27 || total
-------------------------+-------+-------+-------+-------+-------+-------+-------+-------+-------++-------
Melee: Long sword        |    82 |       |       |       |       |       |       |       |       ||    82
       Dagger            |    16 |   186 |   557 |   433 |   125 |       |       |       |       ||  1317
       Lajatang          |       |       |       |   514 |  1239 |       |       |    30 |       ||  1783
       War axe           |       |       |       |    16 |    41 |       |       |       |       ||    57
       Punch             |       |       |       |       |     1 |       |       |       |       ||     1
       Unarmed           |       |       |       |       |       |     3 |       |       |       ||     3
       Longbow           |       |       |       |       |       |       |       |     3 |       ||     3
 Fire: Longbow           |       |       |       |       |   435 |  1300 |  1503 |  1471 |   890 ||  5599
 Cast: Portal Projectile |       |       |       |       |       |       |       |     2 |     8 ||    10
       Apportation       |       |       |       |       |       |       |       |       |     4 ||     4
Invok: Heroism           |       |       |     1 |     6 |     8 |     2 |     2 |     8 |     2 ||    29
       Finesse           |       |       |       |       |     3 |     2 |     2 |     5 |     2 ||    14
 Abil: Stop Flying       |       |       |       |       |       |       |     1 |     2 |       ||     3
       Fly               |       |       |       |       |       |       |       |     2 |       ||     2
Evoke: Wand              |       |       |       |     1 |     7 |       |       |     2 |       ||    10
  Use: Scroll            |       |     6 |       |     9 |    28 |     7 |    10 |    15 |    17 ||    92
       Potion            |       |       |     1 |       |       |     1 |       |     9 |     2 ||    13
  Eat: Chunk             |     1 |     7 |    15 |    30 |    32 |    15 |    20 |    20 |    17 ||   157
       Ration            |       |       |       |       |     3 |     2 |     1 |     2 |     1 ||     9
Armor: Scale mail        |    65 |    83 |   262 |       |       |       |       |       |       ||   410
       Chain mail        |       |       |    30 |   197 |   436 |   345 |   500 |   511 |   277 ||  2296
       Plate armour      |       |       |       |   556 |   835 |       |       |       |       ||  1391
Dodge: Dodged            |    87 |    77 |   211 |   273 |   500 |   123 |   208 |   229 |   133 ||  1841
Block: Shield            |       |       |    92 |   158 |       |       |       |       |       ||   250
       Rpst.: Long sword |    22 |       |       |       |       |       |       |       |       ||    22

Table legend:
 A = Spawn XP
 B = Non-spawn XP
 C = Spawn XP percentage of total XP
 D = Spawn monster count
 E = Non-spawn monster count
 F = Spawn count percentage of total count
 G = Total turns spent on level
                    A         B        C        D         E        F      G
               +---------+---------+-------+---------+---------+-------+---------
         Total |       0 | 1186907 |   0.0 |       0 |    2098 |   0.0 | 61036
               +---------+---------+-------+---------+---------+-------+---------
           D:1 |       0 |      48 |   0.0 |       0 |      27 |   0.0 |   866
           D:2 |       0 |     212 |   0.0 |       0 |      18 |   0.0 |  1183
           D:3 |       0 |     235 |   0.0 |       0 |      33 |   0.0 |  1190
           D:4 |       0 |     390 |   0.0 |       0 |      33 |   0.0 |   883
           D:5 |       0 |     973 |   0.0 |       0 |      21 |   0.0 |   920
           D:6 |       0 |    1082 |   0.0 |       0 |      16 |   0.0 |  1211
           D:7 |       0 |    1673 |   0.0 |       0 |      24 |   0.0 |  1374
           D:8 |       0 |    4349 |   0.0 |       0 |      39 |   0.0 |  1858
           D:9 |       0 |     986 |   0.0 |       0 |       7 |   0.0 |   837
          D:10 |       0 |    4971 |   0.0 |       0 |      25 |   0.0 |  1714
          D:11 |       0 |    2620 |   0.0 |       0 |      36 |   0.0 |  1731
          D:12 |       0 |    7437 |   0.0 |       0 |      24 |   0.0 |  1301
          D:13 |       0 |    4305 |   0.0 |       0 |      32 |   0.0 |   954
          D:14 |       0 |   15780 |   0.0 |       0 |      30 |   0.0 |  1093
          D:15 |       0 |   15979 |   0.0 |       0 |      38 |   0.0 |  1144
        Lair:1 |       0 |    2435 |   0.0 |       0 |      13 |   0.0 |  1420
        Lair:2 |       0 |    5705 |   0.0 |       0 |      21 |   0.0 |  2056
        Lair:3 |       0 |    5917 |   0.0 |       0 |      31 |   0.0 |  1079
        Lair:4 |       0 |    8876 |   0.0 |       0 |      35 |   0.0 |  1604
        Lair:5 |       0 |   10664 |   0.0 |       0 |      46 |   0.0 |  2189
        Lair:6 |       0 |   20851 |   0.0 |       0 |      47 |   0.0 |  2259
       Swamp:1 |       0 |   12372 |   0.0 |       0 |      37 |   0.0 |   763
       Swamp:2 |       0 |   13357 |   0.0 |       0 |      29 |   0.0 |   891
       Swamp:3 |       0 |   17062 |   0.0 |       0 |      26 |   0.0 |   928
       Swamp:4 |       0 |   33196 |   0.0 |       0 |      54 |   0.0 |   874
       Snake:1 |       0 |   25257 |   0.0 |       0 |      45 |   0.0 |  1012
       Snake:2 |       0 |   33244 |   0.0 |       0 |      39 |   0.0 |  1043
       Snake:3 |       0 |   20923 |   0.0 |       0 |      32 |   0.0 |   942
       Snake:4 |       0 |   63369 |   0.0 |       0 |     119 |   0.0 |  1565
         Orc:1 |       0 |    4124 |   0.0 |       0 |      31 |   0.0 |   746
         Orc:2 |       0 |    6417 |   0.0 |       0 |      70 |   0.0 |   844
         Elf:1 |       0 |   21686 |   0.0 |       0 |      39 |   0.0 |  1297
         Elf:2 |       0 |   22810 |   0.0 |       0 |      35 |   0.0 |   797
         Elf:3 |       0 |   78637 |   0.0 |       0 |      94 |   0.0 |  1621
      Vaults:1 |       0 |   58265 |   0.0 |       0 |      92 |   0.0 |  1255
      Vaults:2 |       0 |   64515 |   0.0 |       0 |     102 |   0.0 |  1889
      Vaults:3 |       0 |   58991 |   0.0 |       0 |      89 |   0.0 |  1769
      Vaults:4 |       0 |   74081 |   0.0 |       0 |     102 |   0.0 |  2167
      Vaults:5 |       0 |  131782 |   0.0 |       0 |     108 |   0.0 |  1838
      Depths:1 |       0 |   32408 |   0.0 |       0 |      48 |   0.0 |  1608
      Depths:2 |       0 |   49700 |   0.0 |       0 |      68 |   0.0 |  1559
      Depths:3 |       0 |   43781 |   0.0 |       0 |      51 |   0.0 |  1470
      Depths:4 |       0 |   47821 |   0.0 |       0 |      56 |   0.0 |  1197
      Depths:5 |       0 |   71615 |   0.0 |       0 |      66 |   0.0 |  1407
         Zot:1 |       0 |   35850 |   0.0 |       0 |      19 |   0.0 |   852
         Zot:2 |       0 |   45606 |   0.0 |       0 |      30 |   0.0 |   906
         IceCv |       0 |    4550 |   0.0 |       0 |      21 |   0.0 |   706
               +---------+---------+-------+---------+---------+-------+---------
